 Dungeon Crawl Stone Soup version 0.17-a0-1655-g88a8506 (webtiles) character file.

10709 kae the Fencer (level 11, -6/82 HPs)
             Began as a Minotaur Fighter on Aug 15, 2015.
             Was a High Priest of Okawaru.
             Killed from afar by Harold (16 damage)
             ... with a bolt of fire
             ... on level 11 of the Dungeon.
             The game lasted 00:12:57 (10359 turns).

kae the Fencer (Minotaur Fighter)                  Turns: 10359, Time: 00:12:58

Health: -6/82      AC: 15    Str: 23    XL:     11   Next: 39%
Magic:  10/10      EV:  5    Int:  7    God:    Okawaru [*****.]
Gold:   256        SH:  0    Dex:  9    Spells: 0 memorised, 10 levels left

rFire  . . .     SeeInvis .     j - +7 Screaming Sword
rCold  . . .     Clarity  .     b - +1 scale mail
rNeg   + . .     SustAt   +     c - +0 shield
rPois  +         Gourm    .     (helmet restricted)
rElec  .         Spirit   .     S - +2 cloak {rPois}
rCorr  .         Warding  .     o - +0 pair of gloves
rMut   .         Stasis   .     I - +0 pair of boots
MR     .....                    n - amulet of faith
Stlth  +.........               B - ring of positive energy
                                D - ring of sustain attributes

@: heroism, held, not resistant to hostile enchantments, very unstealthy
A: retaliatory headbutt, horns 2
a: Heroism, Finesse, Renounce Religion


You were on level 11 of the Dungeon.
You worshipped Okawaru.
Okawaru was extremely pleased with you.
You were hungry.

You visited 2 branches of the dungeon, and saw 12 of its levels.
You also visited: Sewer.

You collected 532 gold pieces.
You spent 276 gold pieces at shops.

Inventory:

Hand weapons
 a - a +0 long sword
 j - the +7 Screaming Sword (weapon)
   (You found it on level 9 of the Dungeon)
 l - a +1 scimitar
 P - a +1 triple sword of electrocution
Missiles
 N - 7 tomahawks of returning (quivered)
Armour
 b - a +1 scale mail (worn)
 c - a +0 shield (worn)
 o - a +0 pair of gloves (worn)
 I - a +0 pair of boots (worn)
 R - a +3 ring mail of cold resistance
 S - a +2 cloak of poison resistance (worn)
Jewellery
 n - an amulet of faith (around neck)
 p - an uncursed amulet of regeneration {unknown}
 v - a +2 ring of dexterity
 w - a +3 ring of intelligence
 B - a ring of positive energy (right hand)
 D - a ring of sustain attributes (left hand)
 G - an uncursed ring of protection from cold
 Q - an uncursed ring of positive energy
 Y - an uncursed ring of protection from fire {unknown}
Magical devices
 d - a wand of polymorph (21)
 m - a wand of digging (9)
 x - a wand of cold (10)
 y - a wand of magic darts (25)
 F - a wand of magic darts (19)
 O - a wand of polymorph (10)
 V - a wand of paralysis (14)
 W - a wand of magic darts (8)
Scrolls
 f - 2 scrolls of random uselessness
 g - 3 scrolls of recharging
 i - 4 scrolls of teleportation
 s - 3 scrolls of remove curse
 t - 3 scrolls of identify
 A - a scroll of magic mapping
 K - 2 scrolls of enchant weapon
Potions
 k - 4 potions of curing
 q - 2 potions of agility
 r - 2 potions of cure mutation
 z - 4 potions of flight
 C - 2 potions of poison
 E - 2 potions of haste
 H - 4 potions of invisibility
 M - a potion of mutation {unknown}
 T - a potion of lignification
 X - a potion of brilliance {unknown}
Books
 J - a book of the Dragon

   Spells                             Type                      Level
   a - Flame Tongue                   Conjuration/Fire             1
   b - Cause Fear                     Hexes                        4
   c - Bolt of Fire                   Conjuration/Fire             6
   d - Dragon Form                    Transmutation                7
   e - Dragon's Call                  Summoning                    9
Comestibles
 e - 8 bread rations
 h - 8 slices of pizza
 u - 8 meat rations
 L - 3 beef jerkies
 U - a royal jelly


   Skills:
 - Level 3.6(8.6) Fighting
 + Level 19.6(24.6) Long Blades
 - Level 3.6(8.6) Armour
 - Level 3.6(8.6) Shields


You had 10 spell levels left.
You didn't know any spells.

Dungeon Overview and Level Annotations

Branches:
Dungeon (11/15)            Temple (1/1) D:4            Lair (0/8) D:11
    Orc (0/4) D:9

Altars:
Ashenzari
Cheibriados
Dithmenos
Elyvilon
Fedhas
Gozag
Makhleb
Nemelex Xobeh
Okawaru
Qazlal
Ru
Sif Muna
Xom
Yredelemnul

Shops:
D:10 !   D:11 %

Annotations:
D:11 Harold


Innate Abilities, Weirdness & Mutations

You reflexively headbutt those who attack you in melee.
You have a pair of horns on your head.


Message History

You struggle against the net.
The Screaming Sword booms, "The future is bloody!"
Harold is hurt by the noise.
You hear a shout!
You hear an angry buzzing noise.
A scorpion comes into view.
You slice into the net.
The Screaming Sword howls with insane laughter!
Harold and the scorpion are hurt by the noise.
You hear an angry buzzing noise. x3
Harold looks eager to get this over with.
Harold gestures at you while chanting. The bolt of fire hits you!
* * * LOW HITPOINT WARNING * * *
Drink which item? (? for menu, Esc to quit)
You feel better.
The Screaming Sword bellows like a raging carnivore.
Harold and the scorpion are hurt by the noise.
Harold points at you and mumbles some strange words.
The bolt of fire hits you!
You die...

#........# #........#
'........+ ... #........#
..8 #........# ...
#.....o..# #.@......#
#)## #@(# ####.###
#...(..# #...(s.#
##############...[..#
.........................
##############......#####
########


You could see Harold and a scorpion.

Vanquished Creatures
  Snorg (D:11)
  A hill giant (D:10)
  Pikel (D:7)
  2 cyclopes (D:11)
  An elephant (D:11)
  Maurice (D:8)
  Joseph (D:8)
  Psyche (D:8)
  2 trolls (D:10)
  A shadow (D:11)
  A trapdoor spider zombie (D:10)
  A spriggan (D:8)
  2 hippogriffs
  A hungry ghost (D:10)
  2 vampire mosquitoes (D:9)
  Menkaure (D:4)
  A warg (D:9)
  2 black bears
  3 phantoms
  2 orc warriors
  4 ice beasts
  5 ogres
  4 slaves (D:7)
  A wasp (D:10)
  2 centaurs
  An eye of draining (D:9)
  A necrophage (D:8)
  2 big kobolds
  2 crocodiles (D:11)
  A gnoll sergeant (D:10)
  3 giant frogs
  A wyvern skeleton (D:9)
  5 scorpions
  6 killer bees (D:9)
  A quasit (D:8)
  9 crimson imps
  2 jellies (D:10)
  Ijyb (D:3)
  5 centaur skeletons
  3 giant frog skeletons
  6 hounds
  5 orc priests
  10 orc wizards
  2 iguanas
  7 worker ants
  Natasha (thrice) (D:4)
  A hound zombie (D:7)
  3 hound skeletons (D:4)
  Robin (D:3)
  A worker ant zombie (D:9)
  3 gnolls (D:10)
  7 adders
  2 river rats (Sewer)
  A shadow imp (D:5)
  2 oozes
  2 worms
  2 adder skeletons (D:10)
  2 giant geckos (D:8)
  34 orcs
  A ball python (D:8)
  5 giant cockroaches
  12 goblins
  11 hobgoblins
  16 jackals
  7 bats
  A giant cockroach zombie (D:5)
  3 giant newts
  A jackal zombie (D:5)
  10 kobolds
  3 quokkas
  A quokka skeleton (D:7)
  8 rats
260 creatures vanquished.

Vanquished Creatures (others)
  2 orc wizards (D:5)
  3 orcs (D:5)
5 creatures vanquished.

Grand Total: 265 creatures vanquished

Notes
Turn   | Place    | Note
--------------------------------------------------------------
     0 | D:1      | kae the Minotaur Fighter began the quest for the Orb.
     0 | D:1      | Reached XP level 1. HP: 19/19 MP: 0/0
   271 | D:1      | Reached XP level 2. HP: 26/26 MP: 1/1
   609 | D:1      | Found a shimmering altar of Xom.
   809 | D:1      | Reached skill level 4 in Long Blades
  1018 | D:2      | Reached XP level 3. HP: 31/31 MP: 2/2
  1699 | D:3      | Reached skill level 5 in Long Blades
  1818 | D:3      | Noticed Robin
  1826 | D:3      | Reached XP level 4. HP: 36/39 MP: 3/3
  1829 | D:3      | Killed Robin
  2001 | D:3      | Noticed Ijyb
  2012 | D:3      | Reached skill level 6 in Long Blades
  2077 | D:3      | Killed Ijyb
  2077 | D:3      | Reached XP level 5. HP: 42/45 MP: 4/4
  2212 | D:3      | Found a sacrificial altar of Ru.
  2212 | D:3      | Found a snail-covered altar of Cheibriados.
  2363 | D:3      | Reached skill level 7 in Long Blades
  2537 | D:4      | Noticed Natasha
  2549 | D:4      | Killed Natasha
  2549 | D:4      | Reached XP level 6. HP: 38/51 MP: 5/5
  2554 | D:4      | Reached skill level 8 in Long Blades
  2587 | D:4      | Found a shadowy altar of Dithmenos.
  2616 | D:4      | Noticed an ogre
  2625 | D:4      | Killed an ogre
  2625 | D:4      | Reached skill level 9 in Long Blades
  2692 | D:4      | Reached XP level 7. HP: 45/57 MP: 6/6
  2787 | D:4      | Noticed Menkaure
  2794 | D:4      | Killed Menkaure
  2794 | D:4      | Reached skill level 10 in Long Blades
  2813 | D:4      | Found a glowing drain.
  2823 | Sewer    | Entered a sewer
  3046 | Sewer    | Found a white marble altar of Elyvilon.
  3121 | D:4      | Found a staircase to the Ecumenical Temple.
  3133 | D:4      | Noticed Natasha
  3142 | D:4      | Killed Natasha
  3266 | Temple   | Entered the Ecumenical Temple
  3290 | Temple   | Became a worshipper of Warmaster Okawaru
  3305 | D:4      | Noticed Natasha
  3311 | D:4      | Killed Natasha
  3316 | D:4      | You fall through a shaft!
  3316 | D:5      | Entered Level 5 of the Dungeon
  3316 | D:5      | Found a shattered altar of Ashenzari.
  3316 | D:5      | Found a shadowy altar of Dithmenos.
  3356 | D:6      | Reached skill level 11 in Long Blades
  3476 | D:6      | Reached XP level 8. HP: 51/64 MP: 7/7
  3681 | D:5      | Reached skill level 12 in Long Blades
  3717 | D:5      | Acquired Okawaru's first power
  3835 | D:5      | Found a burning altar of Makhleb.
  4615 | D:6      | Reached skill level 13 in Long Blades
  5146 | D:7      | Noticed Pikel
  5185 | D:7      | Killed Pikel
  5185 | D:7      | Reached XP level 9. HP: 25/70 MP: 8/8
  5317 | D:7      | Reached skill level 14 in Long Blades
  5994 | D:8      | Reached skill level 15 in Long Blades
  6125 | D:8      | Received a gift from Okawaru
  6477 | D:8      | Noticed Joseph
  6501 | D:8      | Killed Joseph
  6635 | D:8      | Reached skill level 16 in Long Blades
  6799 | D:8      | Noticed Maurice
  6811 | D:8      | Found a blossoming altar of Fedhas.
  6827 | D:8      | Killed Maurice
  6827 | D:8      | Reached XP level 10. HP: 72/75 MP: 6/9
  6836 | D:8      | Noticed Psyche
  6847 | D:8      | Killed Psyche
  6920 | D:8      | You fall through a shaft for 3 floors!
  7081 | D:11     | Found a staircase to the Lair.
  7081 | D:11     | Noticed an elephant
  7118 | D:11     | Killed an elephant
  7380 | D:11     | Reached skill level 17 in Long Blades
  7398 | D:11     | Noticed a cyclops
  7410 | D:11     | Killed a cyclops
  7611 | D:10     | Entered Level 10 of the Dungeon
  8060 | D:9      | Reached skill level 18 in Long Blades
  8301 | D:9      | Found an iron altar of Okawaru.
  8328 | D:9      | Acquired Okawaru's second power
  9104 | D:9      | Found a staircase to the Orcish Mines.
  9482 | D:10     | Reached XP level 11. HP: 69/82 MP: 8/10
  9519 | D:10     | Found Mavo Siaz's Distillery.
  9525 | D:10     | Bought a potion of poison for 12 gold pieces
  9525 | D:10     | Bought a potion of haste for 120 gold pieces
  9525 | D:10     | Bought a potion of agility for 48 gold pieces
  9525 | D:10     | Bought a potion of invisibility for 96 gold pieces
  9615 | D:10     | Noticed a hill giant
  9621 | D:10     | Killed a hill giant
  9621 | D:10     | Received a gift from Okawaru
  9621 | D:10     | Reached skill level 19 in Long Blades
  9959 | D:11     | Noticed Snorg
  9971 | D:11     | Killed Snorg
 10080 | D:11     | Found Xeygis's Food Shoppe.
 10338 | D:11     | Noticed a cyclops
 10347 | D:11     | Killed a cyclops
 10347 | D:11     | Received a gift from Okawaru
 10352 | D:11     | Noticed Harold
 10358 | D:11     | HP: 4/82 [Harold/bolt of fire (20)]
 10359 | D:11     | Killed from afar by Harold

Vault maps used:
D:1:      lemuel_arrival_room, xom_teletrap_fun
D:3:      gammafunk_temple_overflow_elements, uniq_robin, uniq_iyjb
D:4:      minmay_temple_entry_glassed_door, portal_sewer_entry_d, first_bread,
          grunt_dithmenos_smoke, uniq_natasha, uniq_menkaure
D:5:      nicolae_overflow_hidden_temple, basic_altar, lemuel_flame_loot_1
D:7:      uniq_pikel
D:8:      old_standard_altar, grunt_pizzeria, serial_bayou_pond_d, minivault_19,
          uniq_maurice, uniq_psyche, uniq_joseph
D:9:      david_orc_3, okawaru_metal_pillars_1_2
D:10:     serial_shops, shop_statue, nicolae_two_hexagons
D:11:     david_lair_generic, serial_shops, shop_statue, uniq_harold, uniq_snorg
Temple:   water_room_temple_a_12
Sewer:    sewer_kobolds

Action                   |  1- 3 |  4- 6 |  7- 9 | 10-12 || total
-------------------------+-------+-------+-------+-------++-------
Melee: Long sword        |   112 |   110 |   100 |       ||   322
       Scimitar          |       |       |   321 |   268 ||   589
       Double sword      |       |       |       |    89 ||    89
Invok: Heroism           |       |       |     3 |    10 ||    13
Evoke: Wand              |       |       |     1 |       ||     1
  Use: Potion            |     1 |     1 |     1 |     4 ||     7
       Scroll            |       |       |    13 |     6 ||    19
  Eat: Chunk             |     2 |     4 |    11 |    10 ||    27
       Beef jerky        |       |       |     1 |       ||     1
       Fruit             |       |       |       |     3 ||     3
